 Dungeon Crawl Stone Soup version 0.31-a0-117-g42d8f58691 (webtiles) character file.

Game seed: 12012192537822284823

84 MacCMillion the Chopper (level 4, -2/35 HPs)
             Began as a Formicid Fighter on May 31, 2023.
             Succumbed to Robin's poison
             ... on level 2 of the Dungeon.
             The game lasted 00:03:55 (1782 turns).

MacCMillion the Chopper (Formicid Fighter)          Turns: 1782, Time: 00:03:55

Health: -2/35      AC:  8    Str: 21 (22) XL:     4   Next: 72%
Magic:  4/4        EV:  9    Int:  6 (8)  God:
Gold:   101        SH:  4    Dex: 11 (13) Spells: 3/3 levels left

rFire   + . .        a - +0 war axe
rCold   + . .        c - +0 buckler
rNeg    . . .        b - +0 scale mail
rPois   +            (helmet unavailable)
rElec   +            m - +0 cloak
rCorr   +            (no gloves)
SInv    +            (no boots)
Will    .....        (no amulet) Stlth
                     f - ring of flight
HPRegen 0.25/turn    (no ring)
MPRegen 0.09/turn

%: no passive effects
@: brilliant, lethally poisoned (-2 -> -14), resistant, flying
A: permanent stasis, dig shafts and tunnels, antennae 3, four strong arms
a: Dig, Shaft Self


You were on level 2 of the Dungeon.
You visited 1 branch of the dungeon, and saw 2 of its levels.

You collected 101 gold pieces.

Inventory:

Hand Weapons
 a - a +0 war axe (weapon)
Armour
 b - a +0 scale mail (worn)
 c - a +0 buckler (worn)
 m - a +0 cloak (worn)
Jewellery
 f - a ring of flight (left hand)
Scrolls
 g - a scroll of amnesia {unknown}
 h - a scroll of identify {unknown}
 k - 2 scrolls of fog {unknown}
Potions
 d - a potion of might
 e - a potion of brilliance


   Skills:
 - Level 3.2 Fighting
 + Level 4.3 Axes
 - Level 3.7 Armour
 - Level 4.0 Shields


You had 3 spell levels left.
You didn't know any spells.
Your spell library was empty.

Dungeon Overview and Level Annotations

Branches:
Dungeon (2/15)

Altars:

Annotations:
D:2 1 runed translucent door, Crazy Yiuf, Robin, Sigmund


Innate Abilities, Weirdness & Mutations

You cannot be hasted, slowed, berserked, paralysed or teleported.
You can dig through walls and to a lower floor.
You have a pair of large antennae on your head. (SInv)
Your four strong arms can wield two-handed weapons with a shield.


Message History

You are poisoned.
You feel very sick.
Things that are here:
a +0 dagger; a goblin corpse You feel sick.
Robin attacks as you move away! You block Robin's attack.
You feel sick.
You feel sick.
You closely miss Robin.
Robin is heavily wounded.
You feel sick.
Robin hits you with a +0 dagger of venom.
You are more poisoned.
You closely miss Robin.
Robin is heavily wounded.
You feel very sick.
The goblin no longer looks unusually strong.
Robin hits you with a +0 dagger of venom. x2
You are lethally poisoned!
Unknown command.
It was a potion of brilliance.
You feel clever all of a sudden.
* * * LOW HITPOINT WARNING * * *
You feel very sick. You block Robin's attack.
It was a potion of degeneration.
There was something very wrong with that liquid.
You feel weakened.
You feel dopey.
You feel clumsy.
* * * LOW HITPOINT WARNING * * *
You feel very sick.
The hobgoblin no longer looks unusually strong.
Robin hits you but does no damage.
You are more poisoned.
It was a potion of resistance.
You feel protected.
* * * LOW HITPOINT WARNING * * *
You feel very sick.
Robin roars a battlecry!
The goblins go into a battle-frenzy!
It was a potion of magic.
Magic courses through your body.
You die...

######### #.......#
#.#####.# #.# #.#
#.#####.#########
######.##............#
#)ggg@....##..######.#
#.####.#####.<.# #.#
#)# #..........# #..
#g# #######...## ###
#.# ##.## # ##.# #.# #
#..# #.# # # #.## ##+#
# # #.# ##...## #


You could see Robin, a hobgoblin (strong) and a goblin (strong).

Vanquished Creatures
  2 adders (D:2)
  2 dart slugs
  An orc (D:2)
  6 ball pythons
  A bat (D:2)
  5 endoplasms
  2 giant cockroaches
  7 hobgoblins
  2 jackals (D:1)
  2 quokkas (D:1)
  5 frilled lizards
  12 goblins
  3 kobolds (D:2)
  6 rats
56 creatures vanquished.

Notes
Turn   | Place    | Note
-------+----------+-------------------------------------------
     0 | D:1      | MacCMillion the Formicid Fighter began the quest for the
                  | Orb.
     0 | D:1      | Reached XP level 1. HP: 18/18 MP: 1/1
   173 | D:1      | Reached XP level 2. HP: 24/24 MP: 2/2
   422 | D:1      | Reached XP level 3. HP: 27/29 MP: 3/3
  1027 | D:2      | Found a runed translucent door.
  1028 | D:2      | Noticed Crazy Yiuf
  1227 | D:2      | Reached XP level 4. HP: 33/35 MP: 4/4
  1483 | D:2      | Noticed Sigmund
  1661 | D:2      | Found a faded altar of an unknown god.
  1727 | D:2      | Noticed Robin
  1781 | D:2      | HP: 1/35 [poisoned by Robin]
  1782 | D:2      | Succumbed to Robin's poison

Illustrated notes

Levels and vault maps discovered:
D:1:      sevenhm_arrival_forest_fort_small_6, layout_loops_ring
D:2:      minmay_inner_zag, layout_loops_corners, ebering_ecumenical_altar_webs,
          uniq_sigmund, uniq_crazy_yiuf_cottage, uniq_robin

Skill      XL: |  1  2  3  4 |
---------------+-------------+-----
Axes           | 3 4 |  4.3
Fighting       | |  3.2
Armour         | |  3.7
Shields        | |  4.0

Action                     |  1- 3 |  4- 6 || total
---------------------------+-------+-------++-------
  Melee: War axe           |    92 |    46 ||   138
    Use: Potion            |       |     4 ||     4
 Armour: Scale mail        |    42 |    25 ||    67
  Dodge: Dodged            |    34 |    26 ||    60
  Block: Buckler           |    20 |    13 ||    33

Table legend: (Time is in decaauts)
 A = Elapsed time spent in this place.
 B = Non-inter-level travel time spent in this place.
 C = Inter-level travel time spent in this place.
 D = Time resting spent in this place.
 E = Time spent auto-exploring this place.
 F = Levels seen in this place.
 G = Mean time per level.
                   A        B        C        D        E       F      G
               +--------+--------+--------+--------+--------+-----+--------+
         Total |   1833 |   1818 |     15 |    100 |   1081 |   2 |  916.5 |
       Dungeon |   1833 |   1818 |     15 |    100 |   1081 |   2 |  916.5 |
               +--------+--------+--------+--------+--------+-----+--------+

Top non-repeatable levels by time:
     D:2: 978 daAuts
     D:1: 854 daAuts
